 Dungeon Crawl Stone Soup version 0.29-a0-824-gd827844252 (webtiles) character file.

Game seed: 8929622985044651042

2961 buhh the Trooper (level 9, -11/73 HPs)
             Began as a Demonspawn Transmuter on July 9, 2022.
             Was an Initiate of Cheibriados.
             Mangled by a boulder beetle (56 damage)
             ... on level 8 of the Dungeon.
             The game lasted 00:14:29 (10381 turns).

buhh the Trooper (Demonspawn Transmuter)           Turns: 10381, Time: 00:14:30

Health: -11/73     AC:  7    Str: 11    XL:     9   Next: 52%
Magic:  12/12      EV: 15    Int: 21    God:    Cheibriados [......]
Gold:   177        SH:  0    Dex: 14    Spells: 6/12 levels left

rFire   . . .      SeeInvis .     - Unarmed
rCold   + . .      Faith    .   (no shield)
rNeg    . . .      Spirit   .   a - +0 robe
rPois   .          Reflect  .   p - +2 helmet
rElec   .          Harm     .   m - +1 cloak
rCorr   .          Rampage  .   (no gloves)
Will    .....                   (no boots)
Stlth   +.........              (no amulet)
HPRegen 0.22/turn               u - +4 ring of slaying
MPRegen 0.13/turn               r - ring of protection from cold

@: very slow
A: hooves 2, ignite blood 1, spiny 1, sturdy frame 1
a: Renounce Religion


You were on level 8 of the Dungeon.
You worshipped Cheibriados.
Cheibriados was noncommittal.
You visited 2 branches of the dungeon, and saw 9 of its levels.

You collected 457 gold pieces.
You spent 280 gold pieces at shops.

Inventory:

Armour
 a - a +0 robe (worn)
 m - a +1 cloak (worn)
 p - a +2 helmet (worn)
Jewellery
 b - a ring of flight
 l - a ring of resist corrosion
 r - a ring of protection from cold (right hand)
 u - a +4 ring of slaying (left hand)
Wands
 j - a wand of paralysis (8)
 s - a wand of quicksilver (1)
 w - a wand of flame (6)
Scrolls
 f - a scroll of fear {!r}
 h - 3 scrolls of teleportation {!d}
 k - 2 scrolls of noise
 o - a scroll of enchant weapon
 t - a scroll of identify {!d}
 v - a scroll of enchant armour
 x - a scroll of summoning {unknown}
 y - a scroll of blinking {unknown}
Potions
 c - a potion of brilliance {unknown}
 d - a potion of mutation {unknown}
 e - 6 potions of curing {unknown}
 g - 2 potions of attraction {unknown}
 i - 3 potions of might {unknown}
 n - a potion of invisibility {unknown}
 q - a potion of lignification {!d}


   Skills:
 + Level 7.6 Fighting
 + Level 7.2 Dodging
 + Level 7.5 Unarmed Combat
 - Level 2.0 Spellcasting
 - Level 1.8 Transmutations


You had 6 spell levels left.
You knew the following spells:

 Your Spells              Type           Power      Damage    Failure   Level
a - Beastly Appendage     Tmut           18%        N/A       7%          1
b - Wereblood             Tmut           9%         N/A       11%         2
c - Spider Form           Tmut/Pois      5%         N/A       30%         3

Your spell library contained the following spells:

 Spells                   Type           Power      Damage    Failure   Level
 Apportation              Tloc           4%         N/A       14%         1
 Magic Dart               Conj           8%         1d3       14%         1
 Necrotise                Necr           8%         1d4       14%         1
 Summon Small Mammal      Summ           8%         N/A       14%         1
 Call Imp                 Summ           2%         N/A       22%         2
 Searing Ray              Conj           4%         2d4       22%         2
 Call Canine Familiar     Summ           2%         N/A       41%         3
 Inner Flame              Hex/Fire       2%         N/A       41%         3
 Mephitic Cloud           Conj/Pois/Air  2%         N/A       41%         3
 Portal Projectile        Hex/Tloc       4%         N/A       41%         3
 Ice Form                 Ice/Tmut       5%         N/A       71%         4
 Airstrike                Air            1%         0-2+      82%         4
 Cause Fear               Hex            1%         N/A       82%         4
 Fulminant Prism          Conj/Hex       1%         3d6       82%         4
 Leda's Liquefaction      Hex/Erth       1%         N/A       82%         4
 Summon Lightning Spire   Summ/Air       2%         N/A       82%         4
 Lightning Bolt           Conj/Air       1%         1d12      99%         5
 Discord                  Hex            1%         N/A       100%        8


Dungeon Overview and Level Annotations

Branches:
Dungeon (8/15) Zot: 40134  Temple (1/1) D:6 Zot: 8876    Lair (0/6) D:8

Altars:
Ashenzari
Cheibriados
Dithmenos
Fedhas
Hepliaklqana
Kikubaaqudgha
Makhleb
Okawaru
Qazlal
Ru
Sif Muna
Trog
Uskayaw
Vehumet
Wu Jian
Yredelemnul

Shops:
D:5 (   D:6 *


Innate Abilities, Weirdness & Mutations

You have hoof-like feet.
Your demonic aura sometimes causes spilled blood to erupt in flames.
You are partially covered in sharp spines.
Your movements are slightly less encumbered by armour. (ER -2)


Message History

You claw the boulder beetle, but do no damage.
The boulder beetle is moderately wounded.
The boulder beetle misses you.
You hit the boulder beetle but do no damage.
You claw the boulder beetle.
The boulder beetle is moderately wounded.
The boulder beetle bites you!
You hit the boulder beetle but do no damage.
You claw the boulder beetle, but do no damage.
The boulder beetle is moderately wounded.
Your transformation is almost over.
The boulder beetle misses you.
You hit the boulder beetle but do no damage.
You claw the boulder beetle, but do no damage.
The boulder beetle is moderately wounded.
The boulder beetle closely misses you.
You hit the boulder beetle but do no damage.
Your kick misses the boulder beetle. You headbutt the boulder beetle!
The boulder beetle is moderately wounded.
The boulder beetle bites you.
You hit the boulder beetle but do no damage.
You claw the boulder beetle, but do no damage.
You headbutt the boulder beetle!
You punch the boulder beetle, but do no damage.
The boulder beetle is heavily wounded.
Aiming: Paralyse
Press: ? - help, Shift-Dir - straight line, f - boulder beetle
Aim: a boulder beetle (heavily wounded, chance to affect: 31%)
The boulder beetle easily resists.
The boulder beetle bites you! The boulder beetle misses you.
The boulder beetle curls into a ball and begins rolling!
There is an open door here.
Aiming: Paralyse
Press: ? - help, Shift-Dir - straight line, f/p - boulder beetle
Aim: a boulder beetle (heavily wounded, rolling, chance to affect: 31%)
The boulder beetle easily resists.
Your horns disappear.
Your talons disappear.
Your +2 helmet unmelds from your body.
The boulder beetle hits you!!!
Ouch! That really hurt!
You die...

##.....................
.................#.....
.......................
.........#.............
##.....................
.....................#.
####..................#.
......###.............#.
.......@B°....... ..
...<...##.°.#...# ...
............#...# ##...
.....####...# .... .....
..... ...... #....#...
.... ............+...
#.. ........#....#...
#.. ........#..).....
#.?......#........


You could see a boulder beetle (rolling).

Vanquished Creatures
  Pikel (D:8)
  Grinder (D:3)
  3 yaks
  4 water moccasins
  2 black bears
  A sky beast (D:7)
  An ice beast (D:5)
  A centaur (D:7)
  3 lemures (D:8)
  A bullfrog (D:7)
  A gnoll sergeant (D:6)
  3 necrophages
  A wight (D:8)
  A jelly (D:7)
  2 orc priests
  A gnoll bouda (D:6)
  A hound (D:4)
  Ijyb (D:5)
  Natasha (thrice) (D:3)
  An iguana (D:6)
  2 orc wizards
  Robin (D:3)
  12 gnolls
  10 adders
  A shadow imp (D:7)
  2 white imps
  An ufetubus (D:6)
  2 worms
  A dart slug (D:3)
  19 orcs
  7 ball pythons
  5 bats
  8 endoplasms
  5 giant cockroaches
  20 goblins
  10 hobgoblins
  4 quokkas
  3 frilled lizards
  12 kobolds
  5 rats
163 creatures vanquished.

Vanquished Creatures (others)
  4 plants (D:6)
4 creatures vanquished.

Grand Total: 167 creatures vanquished

Notes
Turn   | Place    | Note
-------+----------+-------------------------------------------
     0 | D:1      | buhh the Demonspawn Transmuter began the quest for the Orb.
     0 | D:1      | Reached XP level 1. HP: 15/15 MP: 3/3
   311 | D:1      | Gained mutation: You have large cloven feet. [demonic
                  | ancestry]
   311 | D:1      | Reached XP level 2. HP: 21/21 MP: 3/5
  1140 | D:2      | Gained mutation: You are partially covered in sharp spines.
                  | [demonic ancestry]
  1140 | D:2      | Reached XP level 3. HP: 6/27 MP: 6/6
  1900 | D:3      | Gained mutation: Your demonic aura sometimes causes spilled
                  | blood to erupt in flames. [demonic ancestry]
  1900 | D:3      | Reached XP level 4. HP: 33/33 MP: 5/7
  2363 | D:3      | Noticed Natasha
  2777 | D:4      | Reached XP level 5. HP: 38/40 MP: 8/8
  3784 | D:3      | Killed Natasha
  3817 | D:3      | Noticed Natasha
  3827 | D:3      | Killed Natasha
  3828 | D:3      | Reached XP level 6. HP: 24/47 MP: 7/9
  3899 | D:3      | Noticed Natasha
  3980 | D:3      | Killed Natasha
  4046 | D:3      | Found a faded altar of an unknown god.
  4057 | D:3      | Noticed Grinder
  4078 | D:3      | Paralysed by Grinder for 5 turns
  4091 | D:3      | Paralysed by Grinder for 4 turns
  4096 | D:3      | Paralysed by Grinder for 2 turns
  4101 | D:3      | Killed Grinder
  4453 | D:3      | Noticed Robin
  4478 | D:2      | Learned a level 2 spell: Wereblood
  4482 | D:2      | Learned a level 3 spell: Spider Form
  4491 | D:3      | Killed Robin
  4492 | D:3      | Reached XP level 7. HP: 51/54 MP: 7/10
  4691 | D:5      | Entered Level 5 of the Dungeon
  5765 | D:5      | Noticed Ijyb
  5773 | D:5      | Paralysed by Ijyb for 3 turns
  5782 | D:5      | Killed Ijyb
  5791 | D:5      | Reached skill level 5 in Unarmed Combat
  5792 | D:5      | Reached skill level 5 in Fighting
  5850 | D:6      | Found Ynerikhaeha's Assorted Antiques.
  6310 | D:6      | Reached skill level 5 in Dodging
  6529 | D:5      | Gained mutation: Your movements are slightly less
                  | encumbered by armour. (ER -2) [demonic ancestry]
  6529 | D:5      | Reached XP level 8. HP: 33/62 MP: 6/11
  6765 | D:5      | Found Xekeadd's Firing Range.
  6839 | D:5      | Found a bloodstained altar of Trog.
  6841 | D:5      | Found a hide-covered altar of Uskayaw.
  6842 | D:5      | Found a shadowy altar of Dithmenos.
  8126 | D:6      | Bought a potion of lignification for 84 gold pieces
  8126 | D:6      | Bought a scroll of identify for 56 gold pieces
  8126 | D:6      | Bought a marble ring for 140 gold pieces
  8535 | D:6      | Found a staircase to the Ecumenical Temple.
  8547 | Temple   | Entered the Ecumenical Temple
  8611 | Temple   | Became a worshipper of Cheibriados the Contemplative
  9668 | D:7      | Gained mutation: You have hoof-like feet. [demonic
                  | ancestry]
  9668 | D:7      | Reached XP level 9. HP: 60/71 MP: 12/12
 10083 | D:8      | Found a staircase to the Lair.
 10120 | D:8      | Noticed Pikel
 10131 | D:8      | Killed Pikel
 10356 | D:8      | Noticed a boulder beetle
 10381 | D:8      | Mangled by a boulder beetle

Illustrated notes

Levels and vault maps discovered:
D:1:      moated_graveyard_arrival, layout_rooms, hangedman_decor_points
D:2:      layout_loops_cross, supply_closet_lemuel, minivault_4, hex_large
D:3:      layout_basic, hellmonk_ecumenical_altar_blasted, hex_intersection,
          minmay_goblin_outpost, uniq_robin, uniq_grinder, uniq_natasha
D:4:      layout_cave_pods, small_statue_intersection, kennysheep_boxes
D:5:      layout_loops_ring, grunt_temple_overflow_open, chequers_mini_garden,
          nicolae_shop_firing_range, uniq_ijyb
D:6:      layout_layer_cave, minmay_temple_entry_glass, grunt_ministairs_5,
          nicolae_stop_n_shop_1, serial_bayou_pond_a
D:7:      nicolae_whirlpool, layout_loops_ring, kennysheep_nub
D:8:      layout_basic, lair_entry_dummy, special_room [special_room_orc],
          uniq_joseph, uniq_pikel
Temple:   nicolae_temple_bog_church

Skill      XL: |  1  2  3  4  5  6  7  8  9 |
---------------+----------------------------+-----
Dodging        | 2 3 4 5 6 7 |  7.2
Unarmed Combat | 3 4 5 6 7 |  7.5
Fighting       | 2 3 4 5 6 7 |  7.6
Spellcasting   | |  2.0
Transmutations | |  1.8

Action                   |  1- 3 |  4- 6 |  7- 9 || total
-------------------------+-------+-------+-------++-------
Melee: Unarmed           |    97 |   114 |   203 ||   414
       Kick              |    15 |    27 |    81 ||   123
       Headbutt          |    10 |    11 |    36 ||    57
       Punch             |     1 |     2 |     7 ||    10
 Cast: Beastly Appendage |    20 |    26 |    51 ||    97
       Spider Form       |       |     1 |       ||     1
       Wereblood         |       |       |     4 ||     4
Evoke: Wand              |       |       |    12 ||    12
  Use: Potion            |     2 |     4 |     4 ||    10
       Scroll            |       |     5 |     5 ||    10
 Stab: Sleeping          |     1 |     1 |     1 ||     3
       Paralysed         |       |       |     7 ||     7
Armor: Robe              |    18 |    13 |    41 ||    72
       Skin              |    24 |    19 |       ||    43
Dodge: Dodged            |    45 |    56 |   139 ||   240

Table legend: (Time is in decaauts)
 A = Elapsed time spent in this place.
 B = Non-inter-level travel time spent in this place.
 C = Inter-level travel time spent in this place.
 D = Time resting spent in this place.
 E = Time spent auto-exploring this place.
 F = Levels seen in this place.
 G = Mean time per level.
                   A        B        C        D        E       F      G
               +--------+--------+--------+--------+--------+-----+--------+
         Total |  10715 |  10305 |    410 |   1948 |   6914 |   9 | 1190.6 |
       Dungeon |  10625 |  10239 |    386 |   1948 |   6871 |   8 | 1328.1 |
        Temple |     90 |     66 |     24 |      0 |     43 |   1 |   90.0 |
               +--------+--------+--------+--------+--------+-----+--------+

Top non-repeatable levels by time:
     D:6: 2535 daAuts
     D:3: 1871 daAuts
     D:4: 1630 daAuts
     D:5: 1344 daAuts
     D:2: 1173 daAuts
     D:1: 1052 daAuts
     D:7: 654 daAuts
     D:8: 363 daAuts
  Temple: 90 daAuts
